 Dungeon Crawl Stone Soup version 0.17.2-1-ge4368a0 (webtiles) character file.

59509 Goblin1989 the Grappler (level 14, -5/114 HPs)
             Began as a Demonspawn Artificer on Nov 17, 2016.
             Was an Initiate of Gozag.
             Slain by a stone giant (27 damage)
             ... on level 3 of the Orcish Mines on Nov 18, 2016.
             The game lasted 02:00:18 (26155 turns).

Goblin1989 the Grappler (Demonspawn Artificer)     Turns: 26155, Time: 02:00:19

Health: -5/114     AC: 21    Str: 18    XL:     14   Next: 53%
Magic:  0/16       EV:  4    Int: 13    God:    Gozag
Gold:   2771       SH: 18    Dex: 13    Spells: 2 memorised, 10 levels left

rFire  + . .     SeeInvis +       - Unarmed
rCold  + . .     Clarity  +     w - +1 plate armour {MR+}
rNeg   . . .     SustAt   .     H - +3 large shield {AC+3}
rPois  .         Gourm    .     (helmet unavailable)
rElec  .         Spirit   +     D - +1 cloak
rCorr  .         Warding  .     (gloves unavailable)
rMut   .         Stasis   .     (boots unavailable)
MR     ++...                    m - amulet of guardian spirit
Stlth  ..........               c - ring of protection from cold
                                f - ring of protection from fire

@: drained, very resistant to hostile enchantments, extremely unstealthy
A: antennae 3, claws 3, hooves 3, clarity, foul stench 1, rot immunity
a: Potion Petition, Call Merchant, Bribe Branch, Renounce Religion


You were on level 3 of the Orcish Mines.
You worshipped Gozag.
Gozag was noncommittal.
You were not hungry.

You visited 4 branches of the dungeon, and saw 24 of its levels.
You also visited: Sewer and Volcano.

You collected 6583 gold pieces.
You spent 2441 gold pieces at shops.
You paid 1371 gold pieces to Gozag.

Inventory:

Hand Weapons
 b - a +9 scimitar of flaming
 S - the +5 dagger of Punishment {pierce, +Blink rElec Int+3}
   (You found it on level 10 of the Dungeon)

   It inflicts extra damage upon your enemies.
   It affects your intelligence (+3).
   It insulates you from electricity.
   It lets you blink.
Missiles
 C - 584 stones (quivered)
Armour
 i - a +1 cloak
 w - a +1 plate armour of magic resistance (worn)
 D - a +1 cloak (worn)
 H - a +3 large shield of protection (worn)
Jewellery
 c - a ring of protection from cold (right claw)
 f - a ring of protection from fire (left claw)
 m - an amulet of guardian spirit (around neck)
Wands
 e - a wand of fire (8)
 h - a wand of fire (5)
 n - a wand of enslavement (9)
 s - a wand of invisibility (3)
 z - a wand of cold (5)
 E - a wand of enslavement (13)
 K - a wand of lightning (7)
 L - a wand of lightning (0)
 N - a wand of magic darts (2)
 P - a wand of draining (9)
 W - a wand of disintegration (7)
 Y - a wand of teleportation (4) {!v, @v4}
Scrolls
 a - a scroll of immolation {!r}
 d - 3 scrolls of fear
 l - 3 scrolls of noise {!r}
 p - a scroll of recharging
 v - 7 scrolls of remove curse {@r2}
 J - 4 scrolls of fog
 M - a scroll of magic mapping
 R - 9 scrolls of identify {@r1}
 T - 3 scrolls of teleportation {!r, @r4}
Potions
 g - a potion of heal wounds {!q, @q2}
 j - a potion of cure mutation {!q}
 k - 5 potions of curing {@q1}
 o - a potion of berserk rage {!q}
 q - 3 potions of lignification {!q}
 r - a potion of haste {!q, @q3}
 t - 3 potions of might
 u - a potion of ambrosia
 G - 3 potions of flight
 O - a potion of agility
 V - 2 potions of cancellation
Miscellaneous
 B - a stone of tremors
 F - a phial of floods
 I - a phantom mirror
Comestibles
 y - 10 bread rations {@e1}
 A - 11 meat rations {@e2}


   Skills:
 + Level 11.9(11.4) Fighting
 - Level 0.8(0.4) Short Blades
   Level 2.2(1.9) Maces & Flails
 + Level 11.0(10.5) Armour
 - Level 5.3(4.9) Dodging
 - Level 0.8(0.4) Stealth
 * Level 7.6(7.1) Shields
 * Level 14.9(14.3) Unarmed Combat
 - Level 3.0(2.6) Evocations


You had 10 spell levels left.
You knew the following spells:

 Your Spells              Type           Power        Failure   Level  Hunger
B - Summon Butterflies    Summ           #.......     100%        1    ##.....
Z - Sublimation of Blood  Necr           #.........   100%        2    ###....


Dungeon Overview and Level Annotations

Branches:
Dungeon (11/15)            Temple (1/1) D:5            Lair (8/8) D:8
 Shoals (0/4) Lair:5       Spider (0/4) Lair:6        Slime (0/6) Lair:6
    Orc (4/4) D:11
    Elf: Orc:3-4

Altars:
Ashenzari
Cheibriados
Dithmenos
Elyvilon
Fedhas
Gozag
Kikubaaqudgha
Makhleb
Nemelex Xobeh
Okawaru
Qazlal
Ru
Sif Muna
Trog
Vehumet
Xom
Yredelemnul
Zin
The Shining One
Jiyva

Shops:
D:11 }   Orc:1 :?*!   Lair:1 ?   Lair:3 [

Annotations:
D:3 Grinder
D:5 exclusion: oklob sapling


Innate Abilities, Weirdness & Mutations

You have a pair of large antennae on your head (SInv).
You have claws for hands.
You have hooves in place of feet.
You may emit foul miasma when damaged in melee.
You are immune to rotting.
You possess an exceptional clarity of mind.


Message History

The orc wizard gestures wildly while chanting.
The orc wizard seems to speed up.
You scratch the stone giant.
The stone giant is moderately wounded.
The orc wizard points at you and mumbles some strange words.
The magic dart hits you! You block the stone giant's attack.
The orc wizard gestures wildly while chanting.
The orc wizard blinks!
You scratch the stone giant.
The stone giant is moderately wounded.
The stone giant hits you!!
* * * LOW HITPOINT WARNING * * *
The stone giant looks sick.
You take 17 damage, and have 22/114 hp.
You now have 3/16 mp.
Unknown command.
You claw the stone giant! You kick the stone giant.
The stone giant is heavily wounded.
The stone giant hits you!!
You die...
Your body crumbles into a pile of gold.

█........█............█
██..≈≈≈....███.....█.██
█≈.≈≈≈≈..██ █.█.....██
███..≈≈≈.██
█........███
███≈...≈≈≈.█
██..........██
██.........█
█............█
███.......██
██.o.....███.██
███..█.████
██.[)......████
.██..███ ███..)@C.█..██
.██...█ █.[[.[§)..███
█.██..███ ████...█.██
██......█ ███...██
█......██ █....█
██.█████ █.█.██ ███


█████ You could see a stone giant and an orc wizard.

Vanquished Creatures
  Maud (Lair:7)
  The ghost of Tobisume the Demonic Mishap, a journeyman DsFi of Qazlal (Lair:7)
  Nessos (Lair:7)
  5 hydras
  3 catoblepae
  A death yak (Lair:7)
  Sonja (D:10)
  Pikel (D:9)
  2 hill giants (D:11)
  An orc knight (Orc:3)
  A wolf spider (Lair:8)
  A hornet (Lair:8)
  An orc sorcerer (Orc:1)
  A sphinx skeleton (Volcano)
  10 black mambas
  11 elephants
  Maurice (Orc:3)
  A siren (Lair:5)
  20 spiny frogs
  8 komodo dragons
  A guardian serpent (Lair:8)
  2 fire drakes
  A guardian mummy (Volcano)
  2 trolls
  A boulder beetle (Lair:5)
  A flying skull (Volcano)
  23 blink frogs
  4 vampires (Volcano)
  4 wyverns
  A deep elf fighter (D:8)
  A hungry ghost (D:10)
  42 yaks
  A basilisk (Lair:6)
  A deep elf mage (D:10)
  13 wolves
  11 hippogriffs
  3 centaurs
  21 water moccasins
  3 sky beasts
  2 slaves (D:9)
  3 wasps
  15 porcupines
  A black bear (Lair:2)
  A merfolk skeleton (Volcano)
  7 spiders (Lair:8)
  10 ogres
  9 orc warriors
  2 phantoms
  3 necrophages
  The ghost of Goblin1989 the Chucker, an amateur DsHu (D:4)
  2 manticore skeletons (Volcano)
  11 crocodiles
  9 big kobolds (Sewer)
  18 giant frogs
  A wyvern zombie (D:8)
  A water moccasin skeleton (D:11)
  2 scorpions
  A troll skeleton (Volcano)
  4 hounds
  5 crimson imps
  A giant frog zombie (D:11)
  A giant frog skeleton (D:5)
  11 orc priests
  3 jellies
  17 orc wizards
  3 centaur skeletons
  A quasit (D:11)
  2 two-headed ogre skeletons (Volcano)
  Natasha (twice) (D:4)
  8 iguanas
  4 hell rats (Lair:4)
  16 worker ants
  4 sheep (Lair:8)
  A naga skeleton (Volcano)
  3 ogre skeletons (Volcano)
  2 hound skeletons
  2 worker ant zombies
  4 gnolls (D:8)
  17 adders
  80 river rats
  2 shadow imps
  3 oozes (Sewer)
  An adder skeleton (D:8)
  An adder zombie (D:8)
  6 worms
  6 giant geckos
  104 orcs
  A ball python (Sewer)
  15 bats
  7 hobgoblins
  5 jackals
  10 kobolds
  2 quokkas
  8 giant cockroaches
  4 giant newts
  3 goblins
  A quokka skeleton (D:5)
  13 rats
  A plant (D:5)
691 creatures vanquished.

Vanquished Creatures (collateral kills)
  An orc priest (Orc:1)
  2 orcs (Orc:1)
3 creatures vanquished.

Vanquished Creatures (others)
  2 slaves (D:9)
  A centaur (D:9)
  66 fungi
  32 plants
101 creatures vanquished.

Grand Total: 795 creatures vanquished

Notes
Turn   | Place    | Note
--------------------------------------------------------------
     0 | D:1      | Goblin1989 the Demonspawn Artificer began the quest for the Orb.
     0 | D:1      | Reached XP level 1. HP: 15/15 MP: 3/3
   266 | D:1      | Gained mutation: You have a pair of small antennae on your head. [demonic ancestry]
   266 | D:1      | Reached XP level 2. HP: 19/22 MP: 4/4
   812 | D:2      | Found a faded altar to an unknown god.
   832 | D:2      | Gained mutation: You are immune to rotting. [demonic ancestry]
   832 | D:2      | Reached XP level 3. HP: 26/28 MP: 5/5
   854 | D:2      | Reached skill level 1 in Maces & Flails
  1305 | D:3      | Found a burning altar of Makhleb.
  1344 | D:3      | Noticed Grinder
  1540 | D:3      | Gained mutation: You have large cloven feet. [demonic ancestry]
  1540 | D:3      | Reached XP level 4. HP: 34/34 MP: 6/6
  1576 | D:3      | Found a glowing drain.
  1584 | Sewer    | Entered a sewer
  1644 | Sewer    | Noticed a big kobold
  1644 | Sewer    | Noticed a big kobold
  1669 | Sewer    | Killed a big kobold
  1709 | Sewer    | Killed a big kobold
  1709 | Sewer    | Gained mutation: You have sharp fingernails. [demonic ancestry]
  1709 | Sewer    | Reached XP level 5. HP: 36/39 MP: 7/7
  1748 | Sewer    | Noticed a big kobold
  1800 | Sewer    | Killed a big kobold
  1800 | Sewer    | Gained mutation: You have very sharp fingernails. [demonic ancestry]
  1800 | Sewer    | Reached XP level 6. HP: 27/46 MP: 8/8
  2011 | Sewer    | Noticed a big kobold
  2062 | Sewer    | Killed a big kobold
  2062 | Sewer    | Reached skill level 1 in Armour
  2062 | Sewer    | Reached skill level 4 in Unarmed Combat
  2361 | Sewer    | Noticed a big kobold
  2389 | Sewer    | Killed a big kobold
  2558 | Sewer    | Noticed a big kobold
  2577 | Sewer    | Killed a big kobold
  2577 | Sewer    | Gained mutation: You may emit foul miasma when damaged in melee. [demonic ancestry]
  2577 | Sewer    | Reached XP level 7. HP: 40/52 MP: 9/9
  2611 | Sewer    | Noticed a big kobold
  2624 | Sewer    | Killed a big kobold
  2689 | Sewer    | Noticed a big kobold
  2702 | Sewer    | Killed a big kobold
  2702 | Sewer    | Reached skill level 5 in Unarmed Combat
  2716 | Sewer    | Noticed a big kobold
  2745 | Sewer    | Killed a big kobold
  3045 | D:4      | Noticed Natasha
  3053 | D:4      | Killed Natasha
  3130 | D:4      | Noticed Goblin1989's ghost (amateur DsHu)
  3147 | D:4      | Killed Goblin1989's ghost
  3293 | D:4      | Noticed Natasha
  3299 | D:4      | Killed Natasha
  3299 | D:4      | Reached XP level 8. HP: 61/61 MP: 10/10
  3374 | D:4      | Reached skill level 6 in Unarmed Combat
  3449 | D:5      | Entered Level 5 of the Dungeon
  3561 | D:5      | Found a staircase to the Ecumenical Temple.
  3595 | Temple   | Entered the Ecumenical Temple
  3873 | D:5      | Reached skill level 5 in Fighting
  3890 | D:5      | Found a stormy altar of Qazlal.
  4067 | D:5      | Reached skill level 7 in Unarmed Combat
  4515 | D:6      | You fall through a shaft!
  4764 | D:6      | Learned a level 1 spell: Summon Butterflies
  5255 | D:7      | Reached XP level 9. HP: 69/69 MP: 11/11
  6027 | D:8      | Reached skill level 8 in Unarmed Combat
  6105 | D:8      | Reached skill level 5 in Armour
  6443 | D:8      | Found a staircase to the Lair.
  6851 | D:8      | Got a pair of ichor-stained gloves
  6857 | D:8      | Identified the +1 pair of gloves of Too Many Cooks {*Contam rN+++ Str+5} (You found it on level 8 of the Dungeon)
  7198 | D:9      | Noticed Pikel
  7245 | D:9      | Killed Pikel
  7245 | D:9      | Reached skill level 9 in Unarmed Combat
  7510 | D:9      | Paralysed by a wasp for 2 turns
  7578 | D:9      | Gained mutation: You have hoof-like feet. [demonic ancestry]
  7578 | D:9      | Reached XP level 10. HP: 54/79 MP: 8/12
  8136 | D:9      | Found an opulent altar of Gozag.
  8144 | D:9      | Became a worshipper of Gozag Ym Sagoz the Greedy
  8173 | D:10     | Entered Level 10 of the Dungeon
  8207 | D:10     | Reached skill level 10 in Unarmed Combat
  8243 | D:10     | Found an iron altar of Okawaru.
  8320 | D:10     | Noticed Sonja
  8335 | D:10     | Killed Sonja
  8707 | D:10     | Got a slimy dagger
  8731 | D:10     | Got a brightly glowing rapier
  8732 | D:10     | Identified the cursed +1 rapier "Voaqupna" {vamp, Dex+2} (You found it on level 10 of the Dungeon)
  8734 | D:10     | Identified the +5 dagger of Punishment {pierce, +Blink rElec Int+3} (You found it on level 10 of the Dungeon)
  8920 | D:10     | Found a blossoming altar of Fedhas.
  9009 | D:11     | Noticed a hill giant
  9028 | D:11     | Killed a hill giant
  9056 | D:11     | Found a staircase to the Orcish Mines.
  9109 | D:11     | Noticed a hill giant
  9552 | D:11     | Gained mutation: You have hooves in place of feet. [demonic ancestry]
  9552 | D:11     | Reached XP level 11. HP: 53/87 MP: 7/13
  9940 | D:10     | Reached skill level 11 in Unarmed Combat
  9995 | D:11     | Learned a level 2 spell: Sublimation of Blood
 10036 | D:11     | Found Romohaje's Gadget Boutique.
 10397 | D:11     | Killed a hill giant
 10650 | Orc:1    | Entered Level 1 of the Orcish Mines
 10753 | Orc:1    | Found Piogu's Distillery.
 10778 | Orc:1    | Bought a potion of haste for 130 gold pieces
 10778 | Orc:1    | Bought a potion of magic for 104 gold pieces
 10778 | Orc:1    | Bought a potion of lignification for 39 gold pieces
 10789 | Orc:1    | Gained mutation: You possess an exceptional clarity of mind. [potion of beneficial mutation]
 10859 | Orc:1    | Found Emmihow's Assorted Antiques.
 10869 | Orc:1    | Found Eckotwock's Magic Scroll Shop.
 10948 | Orc:1    | Bought a scroll of fog for 22 gold pieces
 10948 | Orc:1    | Bought a scroll of identify for 22 gold pieces
 11381 | Orc:1    | Found Suj Heamubah's Book Shop.
 11504 | Orc:1    | Found Riggecuc's Food Emporium.
 11516 | Orc:1    | Bought a bread ration for 70 gold pieces
 11516 | Orc:1    | Bought a slice of pizza for 21 gold pieces
 11516 | Orc:1    | Bought a bread ration for 70 gold pieces
 11516 | Orc:1    | Bought a meat ration for 70 gold pieces
 11516 | Orc:1    | Bought a slice of pizza for 21 gold pieces
 11516 | Orc:1    | Bought a meat ration for 70 gold pieces
 11516 | Orc:1    | Bought a bread ration for 70 gold pieces
 11516 | Orc:1    | Bought 4 fruits for 84 gold pieces
 11516 | Orc:1    | Bought a meat ration for 70 gold pieces
 11516 | Orc:1    | Bought a meat ration for 70 gold pieces
 11562 | Orc:1    | You fall through a shaft!
 12181 | Lair:1   | Entered Level 1 of the Lair of Beasts
 12237 | Lair:1   | Found a dark tunnel.
 12244 | Volcano  | Entered a volcano
 13474 | Lair:1   | Bought a scroll of identify for 26 gold pieces
 13474 | Lair:1   | Bought a scroll of identify for 26 gold pieces
 13474 | Lair:1   | Bought a scroll of identify for 26 gold pieces
 13474 | Lair:1   | Bought a scroll of vulnerability for 97 gold pieces
 13474 | Lair:1   | Bought a scroll of fear for 45 gold pieces
 13474 | Lair:1   | Bought a scroll of fog for 26 gold pieces
 13592 | Lair:2   | Reached skill level 12 in Unarmed Combat
 13883 | Lair:2   | Got a scorched halberd
 14225 | Lair:2   | Gained mutation: You have a pair of antennae on your head. [demonic ancestry]
 14225 | Lair:2   | Reached XP level 12. HP: 96/96 MP: 11/14
 14893 | Lair:3   | Noticed an eight-headed hydra
 15011 | Lair:3   | Killed an eight-headed hydra
 15436 | Lair:3   | Reached skill level 10 in Fighting
 15441 | Lair:3   | Reached skill level 5 in Dodging
 16396 | Lair:4   | Reached skill level 13 in Unarmed Combat
 16440 | Lair:4   | Identified a +0 rod of shadows (14/14) (You found it on level 4 of the Lair of Beasts)
 16546 | Lair:3   | Bought the +3 shield of Ralifaew {+Blink +Inv Dex-2 Stlth+} for 586 gold pieces
 16576 | Lair:4   | Noticed a catoblepas
 16583 | Lair:4   | Killed a catoblepas
 16583 | Lair:4   | Reached skill level 1 in Shields
 17168 | Lair:4   | Gained mutation: You have claws for hands. [demonic ancestry]
 17168 | Lair:4   | Reached XP level 13. HP: 76/104 MP: 10/15
 18780 | Lair:5   | Reached skill level 10 in Armour
 19406 | Lair:5   | Found a staircase to the Shoals.
 19553 | Lair:6   | Found a staircase to the Slime Pits.
 19553 | Lair:6   | Found a viscous altar of Jiyva.
 20291 | Lair:6   | Reached skill level 5 in Shields
 20453 | Lair:6   | Reached skill level 14 in Unarmed Combat
 20716 | Lair:6   | Found a hole to the Spider Nest.
 20935 | Lair:7   | Noticed Nessos
 20952 | Lair:7   | Killed Nessos
 21411 | Lair:7   | Noticed Tobisume's ghost (journeyman DsFi)
 21869 | Lair:6   | Goblin1989: !lg tobisume ds-- place=lair:7 -log
 21869 | Lair:6   | beem: 1. Tobisume, XL13 DsFi, T:14910: http://crawl.xtahua.com/crawl/morgue/Tobisume/morgue-Tobisume-20161014-065048.txt
 22045 | Lair:7   | Killed Tobisume's ghost
 22077 | Lair:7   | Noticed Maud
 22083 | Lair:7   | Goblin1989: @?? maud
 22083 | Lair:7   | beem: unknown monster: "maud"
 22091 | Lair:7   | Killed Maud
 22091 | Lair:7   | Gained mutation: You have a pair of large antennae on your head (SInv). [demonic ancestry]
 22091 | Lair:7   | Reached XP level 14. HP: 92/113 MP: 12/16
 22218 | Lair:1   | Bought a scroll of acquirement for 676 gold pieces
 22621 | Lair:8   | Entered Level 8 of the Lair of Beasts
 25446 | Orc:3    | Noticed Maurice
 25462 | Orc:3    | Killed Maurice
 25585 | Orc:4    | Entered Level 4 of the Orcish Mines
 26155 | Orc:3    | Slain by a stone giant

Action                   |  1- 3 |  4- 6 |  7- 9 | 10-12 | 13-15 || total
-------------------------+-------+-------+-------+-------+-------++-------
Melee: Short sword       |    73 |       |       |       |       ||    73
       Whip              |   100 |   130 |       |       |       ||   230
       Unarmed           |       |   145 |   331 |   914 |  1036 ||  2426
       Cutlass           |       |       |   306 |    36 |       ||   342
       Dagger            |       |       |       |    11 |       ||    11
       Scimitar          |       |       |       |       |    21 ||    21
Invok: Call Merchant     |       |       |       |     2 |       ||     2
Evoke: Wand              |    10 |     4 |    27 |    42 |    18 ||   101
  Use: Scroll            |     8 |       |     7 |    19 |     8 ||    42
       Potion            |       |     1 |     1 |    13 |     3 ||    18
 Stab: Confused          |       |       |       |     4 |       ||     4
       Distracted        |       |       |       |     6 |     9 ||    15
       Invisible         |       |       |       |       |     1 ||     1
  Eat: Chunk             |     1 |       |    17 |     4 |       ||    22
       Meat ration       |       |     1 |       |       |       ||     1
       Fruit             |       |       |       |    27 |    10 ||    37
       Royal jelly       |       |       |       |     4 |     1 ||     5
       Beef jerky        |       |       |       |     1 |       ||     1
       Pizza             |       |       |       |       |     4 ||     4
       Bread ration      |       |       |       |       |     4 ||     4

Vault maps used:
D:1:      lightli_arrival_noodles
D:2:      ecumenical_altar_2
D:3:      portal_sewer_entry_f, bloody_makhleb, uniq_grinder
D:4:      uniq_natasha
D:5:      minmay_temple_entry_oklob, first_bread, basic_altar, st_stairs_9
D:8:      grunt_lair_entry_elf_guard_hut
D:9:      lemuel_coloured_pillars_altar, uniq_pikel
D:10:     basic_altar, hangedman_tree_tricks, nrook_guardian_serpent_double,
          uniq_sonja
D:11:     orc_0_dummy, serial_shops, kennysheep_mini
Temple:   nicolae_temple_no_exploring_needed
Lair:1:   nicolae_volcano_entry_two_sided
Lair:3:   grunt_forest_stairs_basic
Lair:5:   minmay_shoals_entry_lonely_mermaid, patterned_corridor,
          grunt_megastairs_4, serial_bayou_shore_a
Lair:6:   nicolae_spider_entry_orb_guardian, slime_altar_1, minmay_lindwurm_lava
Lair:7:   nicolae_lair_yak_garden, uniq_maud, uniq_nessos
Lair:8:   hangedman_lair_tendril_chambers, minivault_23
Orc:1:    serial_shops, shop, nicolae_shop_crystal, shop, nicolae_shop_crystal,
          nicolae_shop_waterfront
Orc:2:    nicolae_orc_stony_grotto
Orc:3:    nicolae_orc_pool_cavern, uniq_maurice
Orc:4:    st_orc_ogre_mass, basic_altar, uniq_josephine
Sewer:    sewer_co_tree
Volcano:  volcano_tomb
